 Dungeon Sprint DCSS version 0.21-a0-260-g9b2435e (webtiles) character file.

1522 Kidiri the Covert (level 8, -4/42 HPs)
             Began as a Spriggan Enchanter on Sept 7, 2017.
             Was an Initiate of Dithmenos.
             Slain by a centaur warrior (14 damage)
             ... in the Dungeon (Sprint I: "Red Sonja").
             The game lasted 00:02:50 (424 turns).

Kidiri the Covert (Spriggan Enchanter)               Turns: 424, Time: 00:02:50

Health: -4/42      AC:  4    Str:  4    XL:     8   Next: 54%
Magic:  16/22      EV: 27    Int: 17    God:    Dithmenos [......]
Gold:   113        SH:  0    Dex: 18    Spells: 14/26 levels left

rFire    + . .     SeeInvis +   e - +1 short sword (drain)
rCold    + . .     Gourm    .   (shield restricted)
rNeg     . . .     Faith    .   m - +2 robe
rPois    .         Spirit   .   (helmet restricted)
rElec    .         Reflect  .   n - scarf {rC+ rF+}
rCorr    .         Harm     .   (gloves unavailable)
MR       +....     NoTele   +   (boots unavailable)
Stlth    +++++.....             (no amulet)
HPRegen  0.14/turn              (no ring)
MPRegen  0.18/turn              (no ring)

@: very quick
A: unfitting armour, see invisible, herbivore 3, speed 3, slow metabolism 2
a: Renounce Religion


You were in the Dungeon.
You worshipped Dithmenos.
Dithmenos was noncommittal.
You were not hungry.

You visited 1 branch You collected 560 gold pieces.
You spent 447 gold pieces at shops.

Inventory:

Hand Weapons
 e - a +1 short sword of draining (weapon)
Armour
 m - a +2 robe (worn)
 n - a scarf of resistance (worn)
Wands
 l - a wand of scattershot (1/9)
Scrolls
 j - a scroll of blinking
Potions
 a - a potion of invisibility {unknown}
 g - a potion of haste
 h - a potion of magic
 i - a potion of berserk rage
 k - a potion of flight {unknown}
Books
 c - a book of Maledictions

   Spells                             Type                      Level
   a - Corona                         Hexes                        1
   b - Ensorcelled Hibernation        Hexes/Ice                    2
   c - Confuse                        Hexes                        3
   d - Tukima's Dance                 Hexes                        3
   e - Dazzling Spray                 Conjuration/Hexes            3
Comestibles
 d - 2 bread rations


   Skills:
 + Level 4.3 Fighting
 * Level 8.4 Short Blades
 + Level 3.9 Armour
 * Level 11.0 Dodging
 * Level 12.2 Stealth
 * Level 9.6 Spellcasting
 + Level 2.7 Conjurations
 + Level 7.3 Hexes
 + Level 4.0 Ice Magic
 + Level 3.1 Invocations


You had 14 spell levels left.
You knew the following spells:

 Your Spells              Type           Power        Failure   Level  Hunger
a - Corona                Hex            ####...      1%          1    None
b - Ensorcelled Hibernat  Hex/Ice        ####..       1%          2    None
c - Confuse               Hex            ####....     1%          3    None
d - Tukima's Dance        Hex            ####....     1%          3    None
e - Dazzling Spray        Conj/Hex       ####..       3%          3    None


Dungeon Overview and Level Annotations

Branches:
Dungeon (1/1)

Altars:
Cheibriados
Dithmenos
Elyvilon
Fedhas
Gozag
Hepliaklqana
Kikubaaqudgha
Nemelex Xobeh
Okawaru
Qazlal
Ru
Sif Muna
Trog
Uskayaw
Vehumet
Wu Jian
Yredelemnul
Zin
The Shining One

Shops:
D ([[


Innate Abilities, Weirdness & Mutations

You are very small and have problems with some larger weapons.
You are too small for most types of armour.
You have supernaturally acute eyesight. (SInv)
You are a herbivore.
You cover ground extremely quickly.
You need consume almost no food.


Message History

Casting: Dazzling Spray
Confirm with . or Enter, or press ? or * to list all spells.
Aiming: Dazzling Spray
Press: ? - help, Shift-Dir - straight line, f - centaur warrior, p - centaur warrior
Aim: a centaur warrior (purple smoke, moderately wounded)
The spray of energy hits the centaur warrior.
The centaur warrior is heavily wounded.
The centaur warrior hits you!
* * * LOW HITPOINT WARNING * * *
The centaur warrior misses you.
Unknown command.
Casting: Dazzling Spray
Confirm with . or Enter, or press ? or * to list all spells.
Aiming: Dazzling Spray
Press: ? - help, Shift-Dir - straight line, f/p - centaur warrior
Aim: a centaur warrior (heavily wounded)
The spray of energy hits the centaur warrior.
The centaur warrior is heavily wounded.
The centaur warrior is dazzled.
The centaur warrior hits you!
You die...

############
..'..#.)'..#
..#.)'..#..+
####+#####'# ####
###..#...#.####§c# #
__####..##.#≈§§§@#$$#
_____##+#_.+≈≈§§c+§y#
_.∩...'..._#≈§§§§#§§#
_..__##_.#+##'#####+#
_____###'#.#§§..###
########.####'###.##
......+...'.....+)∩#
+++####.).##########
##.##


You could see 2 centaur warriors.

Vanquished Creatures
  Sonja (D)
  A deep troll (D)
  Sigmund (D)
  A yak (D)
  An ogre (D)
  A jelly (D)
  Ijyb (D)
7 creatures vanquished.

Notes
Turn   | Place    | Note
-------+----------+-------------------------------------------
     0 | D        | Kidiri the Spriggan Enchanter began the quest for the Orb.
     0 | D        | Reached XP level 1. HP: 9/9 MP: 5/5
     2 | D        | Noticed Ijyb
    26 | D        | Killed Ijyb
    26 | D        | Reached skill level 1 in Fighting
    26 | D        | Reached skill level 1 in Armour
    26 | D        | Reached skill level 5 in Stealth
    26 | D        | Reached XP level 2. HP: 10/14 MP: 5/8
   123 | D        | Learned a level 2 spell: Ensorcelled Hibernation
   124 | D        | Noticed an ogre
   127 | D        | Killed an ogre
   127 | D        | Reached skill level 7 in Stealth
   127 | D        | Reached skill level 5 in Spellcasting
   127 | D        | Reached skill level 1 in Ice Magic
   127 | D        | Reached XP level 3. HP: 18/18 MP: 7/11
   127 | D        | Reached XP level 4. HP: 23/23 MP: 7/12
   145 | D        | Learned a level 3 spell: Confuse
   150 | D        | Learned a level 3 spell: Tukima's Dance
   154 | D        | Learned a level 3 spell: Dazzling Spray
   169 | D        | Noticed Sigmund
   171 | D        | Killed Sigmund
   171 | D        | Reached skill level 5 in Short Blades
   171 | D        | Reached skill level 9 in Stealth
   171 | D        | Reached skill level 5 in Hexes
   171 | D        | Reached XP level 5. HP: 28/28 MP: 13/15
   171 | D        | Reached XP level 6. HP: 32/32 MP: 13/16
   185 | D        | Found an ornate altar of the Wu Jian Council.
   185 | D        | Found a deep blue altar of Sif Muna.
   187 | D        | Found a radiant altar of Vehumet.
   232 | D        | Found Kuxzinixt's Armour Emporium.
   232 | D        | Found an ancient bone altar of Kikubaaqudgha.
   232 | D        | Found a hazy altar of Hepliaklqana.
   232 | D        | Found a stormy altar of Qazlal.
   232 | D        | Found a hide-covered altar of Uskayaw.
   232 | D        | Found a blossoming altar of Fedhas.
   232 | D        | Found a bloodstained altar of Trog.
   232 | D        | Found an iron altar of Okawaru.
   232 | D        | Found a basalt altar of Yredelemnul.
   232 | D        | Found a glowing golden altar of the Shining One.
   232 | D        | Found a snail-covered altar of Cheibriados.
   232 | D        | Found a sacrificial altar of Ru.
   232 | D        | Found a glowing silver altar of Zin.
   232 | D        | Found a shadowy altar of Dithmenos.
   232 | D        | Found a white marble altar of Elyvilon.
   232 | D        | Noticed a yak
   233 | D        | Found an opulent altar of Gozag.
   234 | D        | Killed a yak
   234 | D        | Reached skill level 10 in Stealth
   234 | D        | Reached skill level 1 in Conjurations
   235 | D        | Found a sparkling altar of Nemelex Xobeh.
   243 | D        | Became a worshipper of Dithmenos the Shadowed
   256 | D        | Noticed Sonja
   260 | D        | Killed Sonja
   260 | D        | Reached skill level 10 in Dodging
   260 | D        | Reached skill level 11 in Stealth
   260 | D        | Reached XP level 7. HP: 37/37 MP: 18/20
   278 | D        | Found Plog's Antique Weapon Boutique.
   299 | D        | Noticed a deep troll
   308 | D        | Killed a deep troll
   308 | D        | Reached skill level 12 in Stealth
   308 | D        | Reached XP level 8. HP: 42/42 MP: 18/22
   319 | D        | Found Ewihym's Armour Emporium.
   367 | D        | Bought a +2 robe for 127 gold pieces
   367 | D        | Bought a scarf of resistance for 320 gold pieces
   404 | D        | Noticed a centaur warrior
   405 | D        | Noticed a centaur warrior
   413 | D        | Noticed a hornet
   424 | D        | Slain by a centaur warrior

Vault maps used:
D:        dungeon_sprint_1

Skill      XL: |  1  2  3  4  5  6  7 |
---------------+----------------------+-----
Fighting       | 1 2 4 |  4.3
Short Blades   | 2 4 5 7 8 |  8.4
Armour         | 1 2 3 |  3.9
Dodging        | 4 6 7 10 11 | 11.0
Stealth        | 5 7 9 11 12 | 12.2
Spellcasting   | 4 5 6 8 9 |  9.6
Hexes          | 4 5 6 7 |  7.3
Ice Magic      | 1 2 3 4 |  4.0
Conjurations   | 2 |  2.7
Invocations    | 2 3 |  3.1

Action                   |  1- 3 |  4- 6 |  7- 9 || total
-------------------------+-------+-------+-------++-------
Melee: Dagger            |    17 |     4 |       ||    21
       Short sword       |       |       |     7 ||     7
 Cast: Corona            |     2 |       |       ||     2
       Ensorcelled Hiber |     1 |       |     1 ||     2
       Dazzling Spray    |       |       |     9 ||     9
  Use: Potion            |     1 |       |     2 ||     3
 Stab: Sleeping          |     2 |     4 |     2 ||     8
Armor: Robe              |       |       |     1 ||     1
Dodge: Dodged            |    12 |       |    32 ||    44

Table legend:
 A = Spawn XP
 B = Non-spawn XP
 C = Spawn XP percentage of total XP
 D = Spawn monster count
 E = Non-spawn monster count
 F = Spawn count percentage of total count
 G = Total turns spent on level
                    A         B        C        D         E        F      G
               +---------+---------+-------+---------+---------+-------+---------
         Total |       0 |    2175 |   0.0 |       0 |       7 |   0.0 |   424
               +---------+---------+-------+---------+---------+-------+---------
             D |       0 |    2175 |   0.0 |       0 |       7 |   0.0 |   424
               +---------+---------+-------+---------+---------+-------+---------
